Map: Eternal Empire LE

Players

Throwfordays - Winner!

  • Race: Zerg Zerg
  • League: Silver
  • Spawn Location: 1:00

BetaStar

  • Race: Protoss Protoss
  • League: Gold
  • Spawn Location: 7:00

VOD

Have the link to the VOD?

Description

Time

  • Played on: July 19, 2020, 10:17 p.m.
  • Length: 11:03
Show
View Real Time Build Order
Export as new Build Order

Throwfordays Zerg - Winner!

Build Orders: Hatch First 

Get SALT Encoding   

  12  0:01  Drone  
  13  0:13  Overlord  
  13  0:21  Drone  
  14  0:39  Drone x2  
  14  0:40  Drone  
  17  0:56  Drone  
  18  1:00  Hatchery  
  17  1:10  Spawning Pool  
  16  1:16  Extractor  
  16  1:17  Drone  
  16  1:18  Drone  
  17  1:33  Drone  
  17  1:34  Extractor, Drone  
  18  1:45  Overlord  
  18  1:58  Drone  
  18  1:59  Queen  
  21  2:08  Drone  
  21  2:12  Queen  
  21  2:13  Drone  
  25  2:22  Drone  
  26  2:27  Drone  
  27  2:30  Drone  
  27  2:35  Overlord  
  28  2:41  Drone  
  29  2:51  Drone  
  29  2:58  Roach Warren  
  30  3:05  Drone x2  
  30  3:11  Drone x2  
  33  3:21  Drone, Evolution Chamber  
  33  3:22  Drone x3  
  33  3:24  Evolution Chamber  
  35  3:39  Roach  
  35  3:40  Roach x3  
  43  3:42  Overlord  
  43  3:46  Overlord  
  43  3:50  Zerg Missile Weapons Level 1  
  43  3:56  Zerg Ground Armor Level 1  
  43  4:05  Roach x3  
  51  4:10  Roach  
  51  4:12  Roach  
  53  4:29  Hatchery  
  52  4:36  Drone  
  52  4:37  Drone x4  
  57  4:47  Drone x3  
  60  4:53  Lair  
  60  4:59  Overlord x2  
  60  5:02  Overlord  
  60  5:10  Extractor  
  60  5:12  Extractor  
  60  5:13  Drone x2  
  60  5:22  Roach x2  
  60  5:24  Roach x3  
  60  5:25  Roach x2  
  60  5:28  Roach  
  76  5:35  Drone  
  77  5:36  Drone  
  77  5:41  Drone  
  77  5:42  Queen  
  81  5:56  Zerg Missile Weapons Level 2  
  81  5:57  Zerg Ground Armor Level 2  
  81  6:04  Roach  
  81  6:05  Roach x3  
  89  6:12  Glial Reconstitution  
  89  6:16  Overlord  
  89  6:17  Overlord x3  
  89  6:23  Drone  
  90  6:49  Roach x3  
  90  6:51  Zergling x2, Roach x2  
  90  6:52  Roach x3  
  97  7:17  Queen  
  97  7:19  Roach x3  
  97  7:20  Roach  
  97  7:21  Roach  
  109  7:24  Roach x4  
  109  7:25  Roach x2  
  121  7:36  Ravager  
  122  7:39  Overlord x2  
  122  8:18  Roach x5  
  130  8:20  Roach x3  
  130  8:22  Roach x2  
  130  8:26  Overlord x2  
  137  8:28  Overlord  
  137  8:50  Ravager x3  
  137  8:51  Ravager x2  
  137  8:55  Drone x3  
  145  8:57  Drone  
  145  8:59  Queen  
  145  9:00  Drone  
  145  9:01  Drone x2  
  151  9:37  Overseer  
  146  9:39  Overseer  
  127  9:58  Zergling x2  
  127  9:59  Roach x2  
  142  10:03  Roach x3  
  122  10:27  Roach  
  122  10:28  Roach  
Show
View Real Time Build Order
Export as new Build Order

BetaStar Protoss 

Build Orders: 1 Gate Expand 

Get SALT Encoding   

  12  0:01  Probe  
  13  0:09  Probe  
  14  0:20  Pylon  
  14  0:23  Probe  
  15  0:38  Probe  
  16  0:46  Gateway  
  16  0:50  Probe  
  17  1:02  Probe  
  18  1:13  Probe  
  19  1:19  Nexus  
  19  1:21  Probe  
  20  1:29  Assimilator, Probe  
  21  1:41  Zealot  
  23  1:52  Cybernetics Core  
  23  1:57  Pylon  
  23  2:12  Warp Gate  
  23  2:15  Probe  
  24  2:24  Zealot  
  24  2:27  Probe  
  27  2:35  Probe  
  27  2:36  Assimilator  
  28  2:39  Probe  
  29  2:47  Probe  
  29  2:48  Pylon  
  30  2:54  Pylon  
  30  2:55  Probe  
  31  2:59  Probe  
  32  3:07  Probe  
  33  3:15  Assimilator  
  33  3:17  Assimilator  
  33  3:19  Gateway x2  
  33  3:22  Gateway  
  33  3:30  Gateway  
  33  3:40  Probe x2  
  35  3:52  Probe  
  35  3:53  Probe  
  37  4:05  Probe  
  37  4:06  Pylon  
  37  4:08  Probe  
  40  4:17  Probe  
  40  4:20  Probe  
  40  4:23  Twilight Council  
  41  4:29  Probe  
  42  4:32  Probe  
  43  4:41  Probe  
  43  4:44  Probe  
  45  4:52  Stalker x4  
  49  4:53  Stalker  
  55  5:07  Probe x2, Dark Shrine  
  57  5:19  Probe x2  
  59  5:22  Nexus  
  59  5:25  Pylon  
  59  5:31  Probe x2  
  61  5:37  Blink  
  61  5:41  Stalker x2  
  65  5:43  Probe x2  
  67  5:55  Probe  
  68  6:04  Forge  
  68  6:09  Probe x2  
  70  6:12  Forge  
  70  6:21  Stalker x3, Probe x2  
  78  6:38  Pylon  
  78  6:39  Pylon  
  78  6:49  Probe  
  78  6:50  Probe x2  
  77  7:01  Probe  
  77  7:02  Probe x2  
  72  7:10  Stalker x3  
  72  7:11  Stalker x2  
  72  7:14  Probe x2  
  72  7:15  Probe  
  73  7:21  Assimilator  
  73  7:25  Assimilator  
  73  7:26  Probe x2  
  73  7:27  Probe  
  76  7:36  Dark Templar x4  
  84  7:38  Dark Templar, Probe  
  84  7:39  Probe x2  
  89  7:46  Shadow Stride  
  89  7:56  Gateway  
  89  7:57  Gateway x2  
  89  8:02  Gateway  
  89  8:12  Gateway  
  89  8:19  Robotics Facility  
  87  8:21  Probe x3  
  84  8:33  Probe x2  
  84  8:34  Probe  
  85  8:38  Dark Templar x3  
  85  8:39  Dark Templar x2  
  95  9:10  Probe x3  
  98  9:22  Probe x2  
  98  9:23  Probe  
  101  9:27  Nexus  
  100  9:32  Pylon  
  100  9:34  Pylon  
  78  10:06  Pylon  
  77  10:07  Pylon  
  77  10:11  Pylon  
  76  10:17  Pylon x2  
  76  10:19  Pylon  
  73  10:28  Pylon  
Tags
 
Add a new tag
Caveats
  • Supply blocks, unpowered buildings, or Contaminate may cause inaccurate times.
  • Supply counts are checked every 10 seconds.